 Dungeon Crawl Stone Soup version 0.29-a0-283-ga02f740833 (webtiles) character file.

Game seed: 2232231365248647619

62283 PaleWalker the Protected (level 15, -9/115 HPs)
             Began as a Gnoll Wanderer on Mar 13, 2022.
             Was a High Priest of Okawaru.
             Mangled by a skeletal warrior
             ... wielding a +0 glaive
             ... led by a skeletal warrior
              (20 damage)
             ... on level 11 of the Dungeon.
             The game lasted 01:25:28 (27377 turns).

PaleWalker the Protected (Gnoll Wanderer)          Turns: 27377, Time: 01:25:29

Health: -9/115     AC: 26    Str: 23    XL:     15   Next: 5%
Magic:  24/29      EV: 14    Int: 10    God:    Okawaru [*****.]
Gold:   1993       SH:  0    Dex:  9    Spells: 23/34 levels left

rFire   + . .      SeeInvis +   Y - +12 glaive of Prune {vorpal}
rCold   . . .      Faith    .   (shield currently unavailable)
rNeg    . . .      Spirit   .   A - +3 scale mail {Will+}
rPois   .          Reflect  .   h - +1 helmet {SInv}
rElec   .          Harm     .   S - +1 cloak {Will+}
rCorr   .          Rampage  +   Z - +1 pair of gloves "Sios" {Fly}
Will    +++..                   W - +2 pair of boots {rampage}
Stlth   ++++......              (no amulet)
HPRegen 0.29/turn               d - ring of protection from fire
MPRegen 0.21/turn               Q - ring of wizardry

@: heroic, finesse-ful, flying, studying Armour
A: fangs 1, strong nose, distributed training
a: Renounce Religion, Heroism, Finesse, Duel


You were on level 11 of the Dungeon.
You worshipped Okawaru.
Okawaru was extremely pleased with you.
You visited 2 branches of the dungeon, and saw 17 of its levels.
You also visited: Sewer and Gauntlet.

You collected 1993 gold pieces.

Inventory:

Hand Weapons
 a - a +7 quick blade of protection
 b - the +3 sling "Punk" {acid, rCorr}
   (You found it on level 2 of the Dungeon)

   Any ammunition fired from it is coated in acid, damaging and corroding those
   it strikes.
   rCorr:     It protects you from acid and corrosion.
 Y - the +12 glaive of Prune (weapon) {vorpal}
   (You found it in a Gauntlet)

   It inflicts extra damage upon your enemies.
   It halves damage taken while paralysed, petrified or unconscious.
Missiles
 j - 8 curare-tipped darts
 E - a throwing net (quivered)
 J - 23 atropa-tipped darts
Armour
 h - a +1 helmet of see invisible (worn)
 A - a +3 scale mail of willpower (worn)
 C - a +0 troll leather armour
 S - a +1 cloak of willpower (worn)
 V - the +0 cloak of the Komodo Dragon {Fly rElec Str-4}
   (Okawaru gifted it to you on level 3 of the Lair of Beasts)

   Str:       It affects your strength (-4).
   rElec:     It insulates you from electricity.
   Fly:       It grants you flight.
 W - a +2 pair of boots of rampaging (worn)
 Z - the +1 pair of gloves "Sios" (worn) {Fly}
   (Okawaru gifted it to you on level 4 of the Lair of Beasts)

   Fly:       It grants you flight.
Jewellery
 d - a ring of protection from fire (left hand)
 e - a ring of ice
 l - the ring of Ziotaek {rF+ Will++}
   (You took it off a minotaur in a Gauntlet)

   [ring of protection from fire]

   rF:        It protects you from fire.
   Will:      It greatly increases your willpower.
 G - a ring of see invisible
 H - a ring of positive energy
 O - a ring of willpower
 Q - a ring of wizardry (right hand)
 X - a +6 ring of dexterity
Wands
 x - a wand of flame (95)
 F - a wand of polymorph (12)
 I - a wand of mindburst (20)
 M - a wand of iceblast (10)
 U - a wand of acid (2)
Scrolls
 c - 4 scrolls of fog
 m - a scroll of holy word
 n - 2 scrolls of teleportation
 o - a scroll of torment
 r - 3 scrolls of vulnerability
 u - 5 scrolls of immolation
 y - 4 scrolls of amnesia
 z - a scroll of fear
 D - a scroll of identify
 K - 3 scrolls of magic mapping
 N - a scroll of blinking
 P - a scroll of silence
Potions
 f - 3 potions of ambrosia
 g - a potion of lignification {unknown}
 i - 5 potions of mutation
 k - 2 potions of magic
 q - 5 potions of brilliance
 s - 5 potions of attraction
 t - 8 potions of curing
 v - 2 potions of degeneration
 w - a potion of haste
 B - 2 potions of invisibility
 R - 2 potions of might {unknown}
 T - a potion of resistance {unknown}
Miscellaneous
 p - a phial of floods


   Skills:
 + Level 10.1(15.1) Fighting
 + Level 9.8(14.8) Short Blades
 + Level 9.8(14.8) Long Blades
 + Level 11.7(16.7) Axes
 + Level 9.8(14.8) Maces & Flails
 + Level 9.8(14.8) Polearms
 + Level 9.8(14.8) Staves
 + Level 9.8(14.8) Slings
 + Level 9.8(14.8) Bows
 + Level 9.8(14.8) Crossbows
 + Level 9.8(14.8) Throwing
 + Level 13.9(18.9) Armour
 + Level 9.8(14.8) Dodging
 + Level 9.8(14.8) Stealth
 + Level 9.8(14.8) Shields
 + Level 9.8(14.8) Unarmed Combat
 + Level 10.2 Spellcasting
 + Level 8.1 Conjurations
 + Level 8.1 Hexes
 + Level 8.1 Summonings
 + Level 8.1 Necromancy
 + Level 8.1 Translocations
 + Level 8.1 Transmutations
 + Level 8.1 Fire Magic
 + Level 9.9 Ice Magic
 + Level 8.1 Air Magic
 + Level 8.1 Earth Magic
 + Level 8.1 Poison Magic
 + Level 10.6 Invocations
 + Level 9.8 Evocations


You had 23 spell levels left.
You knew the following spells:

 Your Spells              Type           Power      Damage    Failure   Level
a - Freeze                Ice            96%        1d11      1%          1
b - Frozen Ramparts       Ice            48%        1d6       1%          3
c - Ozocubu's Armour      Ice            24%        N/A       1%          3
d - Ice Form              Ice/Tmut       23%        N/A       2%          4

Your spell library contained the following spells:

 Spells                   Type           Power      Damage    Failure   Level
 Magic Dart               Conj           84%        1d7       1%          1
 Pain                     Necr           84%        1d8       1%          1
 Searing Ray              Conj           42%        2d6       1%          2
 Gell's Gravitas          Tloc           21%        N/A       1%          3
 Lesser Beckoning         Tloc           21%        N/A       1%          3
 Teleport Other           Tloc           21%        N/A       1%          3
 Vampiric Draining        Necr           21%        2d7       1%          3
 Anguish                  Hex/Necr       10%        N/A       3%          4
 Fulminant Prism          Conj/Hex       10%        3d9       3%          4
 Blade Hands              Tmut           10%        N/A       9%          5
 Irradiate                Conj/Tmut      10%        3d17      9%          5
 Dragon Form              Tmut           10%        N/A       93%         7
 Enfeeble                 Hex            10%        N/A       93%         7
 Storm Form               Tmut/Air       10%        N/A       93%         7
 Maxwell's Capacitive Co  Air            10%        ∞         100%        8
 Animate Skeleton         Necr           Unusable   N/A       N/A         1
 Tukima's Dance           Hex            Unusable   N/A       N/A         3
 Summon Ice Beast         Ice/Summ       Unusable   N/A       N/A         4
 Summon Lightning Spire   Summ/Air       Unusable   N/A       N/A         4

Dungeon Overview and Level Annotations

Branches:
Dungeon (11/15)            Temple (0/1) D:5            Lair (6/6) D:9
 Shoals (0/4) Lair:4       Spider (0/4) Lair:2        Slime (0/5) Lair:5
    Orc (0/2) D:10          Sewer (visited)         Gauntlet (visited)

Altars:
Ashenzari
Cheibriados
Elyvilon
Fedhas
Makhleb
Okawaru
Ru
Sif Muna
Vehumet
Xom
The Shining One

Annotations:
D:9 exclusion: ice statue
Lair:6 exclusion: 2 oklob plants


Innate Abilities, Weirdness & Mutations

You have very sharp teeth.
Your uncanny sense of smell can sniff out nearby items.
Your experience applies equally to all skills.


Message History

You slash the skeletal warrior!
You destroy the skeletal warrior!
Okawaru accepts your kill.
The skeletal warrior hits you with a +0 scimitar.
The skeletal warrior hits you but does no damage.
You hit the skeletal warrior.
The skeletal warrior is lightly damaged.
You slash the skeletal warrior!
The skeletal warrior is moderately damaged.
The skeletal warrior barely misses you.
The skeletal warrior hits you from afar with a +0 glaive!
You hit the skeletal warrior but do no damage.
The skeletal warrior is moderately damaged.
You slice the skeletal warrior!!
The skeletal warrior is severely damaged.
You slice the skeletal warrior!!
You destroy the skeletal warrior!
Okawaru accepts your kill.
The skeletal warrior closely misses you.
You hit the skeletal warrior but do no damage.
You hit the skeletal warrior but do no damage.
The skeletal warrior hits you but does no damage.
The skeletal warrior closely misses you.
You slash the skeletal warrior!
You bite the skeletal warrior, but do no damage.
The skeletal warrior is lightly damaged.
You hit the skeletal warrior.
The skeletal warrior is moderately damaged.
The skeletal warrior hits you with a +0 battleaxe!
* * * LOW HITPOINT WARNING * * *
The skeletal warrior hits you from afar with a +0 glaive.
* * * LOW HITPOINT WARNING * * *
You hit the skeletal warrior but do no damage.
The skeletal warrior is moderately damaged.
You hit the skeletal warrior.
The skeletal warrior is moderately damaged.
The skeletal warrior hits you with a +0 battleaxe!
* * * LOW HITPOINT WARNING * * *
The skeletal warrior hits you from afar with a +0 glaive!!
You die...

................###.......[..
.....)................####...
....................#..#####.
#..................##....##.
#.....<.....................
#...........................
##...)......z.#.........##..
#.........)z##.............
#..########@###∩............
#.# #..# #........##### ...
####.#####.###.###### ..
#.......##.# #......##
#.......##.# ######..#
#..........# ##..
#.......#### ### #.......#
#.......#


You could see 2 skeletal warriors.

Vanquished Creatures
  A minotaur (Gauntlet)
  2 hydras
  3 catoblepae (Lair:6)
  5 boulder beetles
  3 two-headed ogres (D:10)
  11 death yaks
  Nergalle (Lair:4)
  2 fire crabs
  2 skeletal warriors (D:11)
  Lodul (D:10)
  A necromancer (Gauntlet)
  2 manticores (Lair:6)
  A will-o-the-wisp (Lair:5)
  3 merfolk sirens (Lair:4)
  9 elephants
  Maurice (D:8)
  4 black mambas
  Joseph (D:7)
  19 cane toads
  3 torpor snails
  An unseen horror (D:10)
  6 komodo dragons
  6 ice devils (D:9)
  Maggie (D:7)
  7 rime drakes
  A merfolk (Lair:4)
  A hornet (D:7)
  3 trolls
  A tyrant leech (Gauntlet)
  19 blink frogs
  4 polar bears
  4 dream sheep
  4 jumping spiders (Lair:2)
  3 shadows
  A wraith (D:10)
  5 wyverns
  2 culicivoras (Lair:2)
  38 yaks
  4 basilisks
  2 fire bats (Gauntlet)
  2 redbacks (Lair:2)
  2 vampire mosquitoes
  A steam dragon (D:8)
  An acid dragon (D:8)
  2 swamp worms (Gauntlet)
  20 water moccasins
  Duvessa (D:4)
  A sky beast (D:8)
  3 orc warriors
  2 ice beasts
  3 ogres
  4 black bears
  5 centaurs
  25 wolves
  A phantom (D:2)
  12 bullfrogs
  2 kobold brigands
  3 scorpions
  6 wights
  Dowan (D:4)
  14 killer bees
  3 howler monkeys
  A crimson imp (D:10)
  2 hounds
  14 jellies
  2 orc priests
  2 gnoll shamans
  4 iguanas
  Ijyb (D:4)
  Natasha (thrice) (D:3)
  8 orc wizards
  6 ogre zombies (D:10)
  12 gnolls
  11 adders
  A white imp (D:5)
  9 ufetubi
  A worm (D:5)
  6 dart slugs
  21 orcs
  13 bats
  6 endoplasms
  3 giant cockroaches
  7 goblins
  9 hobgoblins
  2 jackals (D:5)
  22 kobolds
  A quokka (D:4)
  8 ball pythons
  5 frilled lizards
  A goblin skeleton (D:10)
  3 goblin zombies (D:10)
  2 hobgoblin skeletons (D:10)
  2 orc skeletons (D:10)
  11 orc zombies (D:10)
  2 rats
503 creatures vanquished.

Vanquished Creatures (others)
  8 foxfires (Lair:5)
  34 fungi
  63 plants
105 creatures vanquished.

Grand Total: 608 creatures vanquished

Notes
Turn   | Place    | Note
-------+----------+-------------------------------------------
     0 | D:1      | PaleWalker the Gnoll Wanderer began the quest for the Orb.
     0 | D:1      | PaleWalker set off with the following items: a +2 hand axe,
                  | a +0 scale mail, a scroll of fog; and the following spell
                  | memorised: Freeze; and the following spells available to
                  | memorise: Ozocubu's Armour
     0 | D:1      | Reached XP level 1. HP: 17/17 MP: 4/4
   215 | D:1      | Found a faded altar of an unknown god.
   222 | D:1      | Prayed at the altar of an unknown god.
   222 | D:1      | Became a worshipper of Warmaster Okawaru
   222 | D:1      | Reached * piety under Okawaru
   227 | D:1      | Reached XP level 2. HP: 15/23 MP: 1/5
  1058 | D:2      | Reached XP level 3. HP: 18/28 MP: 5/7
  1392 | D:2      | Reached skill level 1 in Invocations
  1519 | D:2      | Found the +3 sling "Punk" {acid, rCorr}
  1536 | D:2      | Reached skill level 1 in Short Blades
  1536 | D:2      | Reached skill level 1 in Long Blades
  1536 | D:2      | Reached skill level 1 in Maces & Flails
  1536 | D:2      | Reached skill level 1 in Polearms
  1536 | D:2      | Reached skill level 1 in Staves
  1536 | D:2      | Reached skill level 1 in Slings
  1536 | D:2      | Reached skill level 1 in Bows
  1536 | D:2      | Reached skill level 1 in Crossbows
  1536 | D:2      | Reached skill level 1 in Throwing
  1536 | D:2      | Reached skill level 1 in Dodging
  1536 | D:2      | Reached skill level 1 in Stealth
  1536 | D:2      | Reached skill level 1 in Shields
  1536 | D:2      | Reached skill level 1 in Unarmed Combat
  1536 | D:2      | Reached skill level 1 in Evocations
  1676 | D:2      | Noticed a phantom
  1683 | D:2      | Killed a phantom
  1683 | D:2      | Reached ** piety under Okawaru
  1684 | D:2      | Reached skill level 1 in Conjurations
  1684 | D:2      | Reached skill level 1 in Hexes
  1684 | D:2      | Reached skill level 1 in Summonings
  1684 | D:2      | Reached skill level 1 in Necromancy
  1684 | D:2      | Reached skill level 1 in Translocations
  1684 | D:2      | Reached skill level 1 in Transmutations
  1684 | D:2      | Reached skill level 1 in Fire Magic
  1684 | D:2      | Reached skill level 1 in Air Magic
  1684 | D:2      | Reached skill level 1 in Earth Magic
  1684 | D:2      | Reached skill level 1 in Poison Magic
  1684 | D:2      | Reached XP level 4. HP: 33/34 MP: 8/8
  1684 | D:2      | Reached XP level 5. HP: 39/40 MP: 9/9
  2261 | D:3      | Noticed Natasha
  2268 | D:3      | Killed Natasha
  2889 | D:3      | Noticed Natasha
  2896 | D:3      | Killed Natasha
  2897 | D:3      | Reached XP level 6. HP: 47/47 MP: 9/11
  2904 | D:3      | Identified the +4 whip of Extremism {flame, *Slow Int+5}
  3046 | D:3      | Noticed Natasha
  3048 | D:3      | Killed Natasha
  3149 | D:4      | Noticed a black bear
  3156 | D:4      | Killed a black bear
  3157 | D:4      | Reached skill level 5 in Armour
  3214 | D:4      | Found a glowing golden altar of the Shining One.
  3410 | D:4      | Noticed Ijyb
  3435 | D:4      | Reached XP level 7. HP: 46/52 MP: 9/12
  3443 | D:4      | Killed Ijyb
  3515 | D:4      | Reached *** piety under Okawaru
  3808 | D:4      | Noticed Duvessa
  3824 | D:4      | Noticed Dowan
  3826 | D:4      | Killed Duvessa
  3832 | D:4      | Killed Dowan
  3833 | D:4      | Reached XP level 8. HP: 60/60 MP: 11/14
  3980 | D:4      | Identified the +7 short sword of Yesterday {elec, rC+ Str+3
                  | SInv}
  4142 | D:4      | Found an iron altar of Okawaru.
  4190 | D:4      | Found a shimmering blue altar of Sif Muna.
  4376 | D:5      | Entered Level 5 of the Dungeon
  4787 | D:5      | Found a glowing drain.
  4797 | Sewer    | Entered a sewer
  4843 | Sewer    | Reached skill level 6 in Armour
  4923 | D:5      | Noticed a yak
  4926 | D:5      | Noticed a yak
  4926 | D:5      | Noticed a yak
  4929 | D:5      | Killed a yak
  4929 | D:5      | Reached **** piety under Okawaru
  4930 | D:5      | Noticed a yak
  4931 | D:5      | Noticed a yak
  4942 | D:5      | Killed a yak
  4943 | D:5      | Reached XP level 9. HP: 62/66 MP: 8/16
  4954 | D:5      | Reached skill level 5 in Spellcasting
  4959 | D:5      | Received a gift from Okawaru
  5041 | D:5      | Reached skill level 5 in Fighting
  5319 | D:5      | Reached skill level 7 in Armour
  5374 | D:5      | Found a staircase to the Ecumenical Temple.
  5916 | D:6      | Found a broken altar of Ashenzari.
  6602 | D:7      | Found a snail-covered altar of Cheibriados.
  6603 | D:7      | Noticed a hornet
  6611 | D:7      | Noticed Joseph
  6612 | D:7      | Killed a hornet
  6612 | D:7      | Received a gift from Okawaru
  6613 | D:7      | Reached skill level 5 in Invocations
  6627 | D:7      | Killed Joseph
  6628 | D:7      | Reached XP level 10. HP: 23/74 MP: 12/18
  7195 | D:7      | Reached skill level 5 in Short Blades
  7195 | D:7      | Reached skill level 5 in Long Blades
  7195 | D:7      | Reached skill level 5 in Maces & Flails
  7195 | D:7      | Reached skill level 5 in Polearms
  7195 | D:7      | Reached skill level 5 in Staves
  7195 | D:7      | Reached skill level 5 in Slings
  7195 | D:7      | Reached skill level 5 in Bows
  7195 | D:7      | Reached skill level 5 in Crossbows
  7195 | D:7      | Reached skill level 5 in Throwing
  7195 | D:7      | Reached skill level 5 in Dodging
  7195 | D:7      | Reached skill level 5 in Stealth
  7195 | D:7      | Reached skill level 5 in Shields
  7195 | D:7      | Reached skill level 5 in Unarmed Combat
  7195 | D:7      | Reached skill level 5 in Evocations
  7211 | D:7      | Found a white marble altar of Elyvilon.
  7221 | D:7      | Reached skill level 8 in Armour
  7224 | D:7      | Noticed Maggie
  7236 | D:7      | Killed Maggie
  7533 | D:7      | Learned a level 3 spell: Frozen Ramparts
  7537 | D:7      | Learned a level 3 spell: Ozocubu's Armour
  8037 | D:8      | Reached ***** piety under Okawaru
  8362 | D:8      | Found a sacrificial altar of Ru.
  8392 | D:8      | Noticed Maurice
  8401 | D:8      | Killed Maurice
  8422 | D:8      | Received a gift from Okawaru
  8944 | D:9      | Noticed an ice statue
  8981 | D:9      | Received a gift from Okawaru
  9003 | D:9      | Reached skill level 9 in Armour
  9010 | D:9      | Reached XP level 11. HP: 21/83 MP: 18/20
  9341 | D:9      | Reached skill level 5 in Conjurations
  9341 | D:9      | Reached skill level 5 in Hexes
  9341 | D:9      | Reached skill level 5 in Summonings
  9341 | D:9      | Reached skill level 5 in Necromancy
  9341 | D:9      | Reached skill level 5 in Translocations
  9341 | D:9      | Reached skill level 5 in Transmutations
  9341 | D:9      | Reached skill level 5 in Fire Magic
  9341 | D:9      | Reached skill level 5 in Air Magic
  9341 | D:9      | Reached skill level 5 in Earth Magic
  9341 | D:9      | Reached skill level 5 in Poison Magic
  9451 | D:9      | Received a gift from Okawaru
  9540 | D:9      | Found a staircase to the Lair.
  9741 | D:9      | Found a radiant altar of Vehumet.
 10601 | D:10     | Entered Level 10 of the Dungeon
 10617 | D:10     | Noticed a two-headed ogre
 10617 | D:10     | Noticed a two-headed ogre
 10653 | Lair:1   | Entered Level 1 of the Lair of Beasts
 10783 | Lair:1   | Found a shimmering altar of Xom.
 11367 | Lair:1   | Received a gift from Okawaru
 11851 | Lair:1   | Reached skill level 10 in Armour
 12064 | Lair:2   | Received a gift from Okawaru
 12277 | Lair:2   | HP: 3/84 [culicivora (19)]
 12768 | Lair:2   | Reached XP level 12. HP: 66/91 MP: 23/23
 12769 | Lair:2   | Found a hole to the Spider Nest.
 13468 | Lair:3   | Found a blossoming altar of Fedhas.
 13710 | Lair:3   | Received a gift from Okawaru
 14044 | Lair:3   | Noticed a five-headed hydra
 14054 | Lair:3   | Received a gift from Okawaru
 14113 | Lair:3   | Killed a five-headed hydra
 14127 | Lair:3   | Reached skill level 11 in Armour
 14145 | Lair:3   | Received a gift from Okawaru
 14161 | Lair:3   | Reached skill level 10 in Axes
 14724 | Lair:3   | Received a gift from Okawaru
 15174 | Lair:3   | Identified the +0 cloak of the Komodo Dragon {Fly rElec
                  | Str-4} (Okawaru gifted it to you on level 3 of the Lair of
                  | Beasts)
 15174 | Lair:3   | Received a gift from Okawaru
 15219 | Lair:3   | Identified a scroll of acquirement
 15224 | Lair:3   | Acquired 720 gold pieces
 15226 | Lair:3   | Noticed a boulder beetle
 15268 | Lair:3   | Killed a boulder beetle
 15844 | Lair:4   | Noticed Nergalle
 15866 | Lair:4   | Killed Nergalle
 15945 | Lair:4   | Found a transporter.
 15945 | Lair:4   | Found a transporter.
 15945 | Lair:4   | Noticed a boulder beetle
 15945 | Lair:4   | Noticed a boulder beetle
 15989 | Lair:4   | Reached XP level 13. HP: 63/98 MP: 25/25
 16666 | Lair:4   | Found a staircase to the Shoals.
 17736 | Lair:4   | Reached skill level 12 in Armour
 18415 | Lair:5   | Received a gift from Okawaru
 18662 | Lair:5   | Found a staircase to the Slime Pits.
 21072 | Lair:4   | Identified the +1 pair of gloves "Sios" {Fly} (Okawaru
                  | gifted it to you on level 4 of the Lair of Beasts)
 21072 | Lair:4   | Received a gift from Okawaru
 21417 | Lair:6   | Entered Level 6 of the Lair of Beasts
 21427 | Lair:6   | Reached XP level 14. HP: 98/108 MP: 27/27
 22256 | Lair:6   | Learned a level 4 spell: Ice Form
 22417 | Lair:6   | Reached skill level 13 in Armour
 22880 | Lair:6   | HP: 5/108 [yak (1)]
 23584 | Lair:6   | Reached skill level 10 in Invocations
 24205 | Lair:6   | Identified the +7 dagger "Cufiwkesh" {vorpal, rPois rF+}
 24534 | D:10     | Noticed Lodul
 24553 | D:10     | Killed Lodul
 24781 | D:10     | Found a staircase to the Orcish Mines.
 24942 | D:10     | Received a gift from Okawaru
 25041 | D:10     | Found a shimmering altar of Xom.
 25043 | D:10     | Found a burning altar of Makhleb.
 25566 | D:11     | Found a gate leading to a gauntlet.
 25571 | Gauntlet | Entered a Gauntlet
 25571 | Gauntlet | Found a transporter.
 25571 | Gauntlet | Found a transporter.
 25586 | Gauntlet | Found a transporter.
 25602 | Gauntlet | Found a transporter.
 25602 | Gauntlet | Found a transporter.
 25602 | Gauntlet | Found a transporter.
 25605 | Gauntlet | Found a transporter.
 25605 | Gauntlet | Found a transporter.
 25617 | Gauntlet | Found a transporter.
 25617 | Gauntlet | Found the +12 glaive of Prune {vorpal}
 25635 | Gauntlet | Found a transporter.
 25644 | Gauntlet | Found a runed translucent door.
 25645 | Gauntlet | Found a transporter.
 25646 | Gauntlet | Found a runed translucent door.
 25660 | Gauntlet | Found a transporter.
 25680 | Gauntlet | Found a transporter.
 25693 | Gauntlet | Found a transporter.
 25905 | Gauntlet | Reached skill level 10 in Spellcasting
 26017 | Gauntlet | Reached skill level 10 in Fighting
 26044 | Gauntlet | Received a gift from Okawaru
 26590 | Gauntlet | Identified the ring of Ziotaek {rF+ Will++}
 27153 | D:11     | Reached XP level 15. HP: 92/115 MP: 29/29
 27377 | D:11     | Mangled by a skeletal warrior

Illustrated notes

Levels and vault maps discovered:
D:1:      arrival_zaba_pyramid, layout_loops_ring,
          hellmonk_ecumenical_altar_lost_god
D:2:      layout_basic
D:3:      layout_loops_corners, hangedman_decor_lopped, chequers_arboretum,
          minmay_guardbox, uniq_natasha
D:4:      layout_basic, general_overflow_altar, mainiacjoe_overflow_alcove_1,
          mainiacjoe_overflow_alcove_2, minmay_manual_mess, uniq_duvessa,
          uniq_ijyb
D:5:      layout_loops_ring, minmay_temple_entry_stoned_glass,
          cheibrodos_sewer_entry_sluice, grunt_decor_mini_mirrors
D:6:      layout_basic, cheibrodos_ashenzari_chains, serial_rivers,
          chequers_serial_rivers_micro_a, chequers_serial_rivers_small_3,
          chequers_serial_rivers_small_a, chequers_serial_rivers_micro_e
D:7:      layout_basic, kennysheep_slug_shrine, nicolae_overflow_crystal_walls,
          uniq_joseph, uniq_maggie
D:8:      layout_basic, mainiacjoe_overflow_24_doors, uniq_maurice
D:9:      cheibrodos_frozen_isle, layout_irregular_city,
          nicolae_vehumet_radiance, lair_entry_dummy, kennysheep_nub
D:10:     layout_irregular_city, grunt_temple_overflow_champion_of_chaos,
          zombieorc1_lemuel, uniq_lodul
D:11:     layout_rooms, gauntlet_entry_generic, nicolae_twisting_strands
Lair:1:   layout_layer_cave, basic_altar
Lair:2:   layout_hall_layers, nicolae_spider_entry_tight_spaces,
          cheibrodos_lair_reptile_den
Lair:3:   nzn_winding_woodlands_stair_cross
          [nzn_winding_woodlands_5x15_lazy_stream,
          nzn_winding_woodlands_center_lodge, nzn_winding_woodlands_5x15_twine,
          nzn_winding_woodlands_5x5_checkerboard,
          nzn_winding_woodlands_5x5_default,
          nzn_winding_woodlands_5x15_split_checker,
          nzn_winding_woodlands_center_garden, nzn_winding_woodlands_5x15_pool],
          layout_long_grid, basic_altar, infiniplex_staircase_pool_2
Lair:4:   gammafunk_boulding_lane, layout_cave_shapes,
          elwin_shoals_entry_stream, minmay_holes, uniq_nergalle
Lair:5:   layout_gridlike, minmay_slime_entry_jelly_boxes,
          chequers_serial_rivers_large_b, pond
Lair:6:   evilmike_catoblepas_cave, layout_gridlike, serial_bayou_pond_c,
          dpeg_oklob_1, grunt_megastairs_3

Skill      XL: |  1  2  3  4  5  6  7  8  9 10 11 12 13 14 |
---------------+-------------------------------------------+-----
Invocations    | 1 2 3 4 5 6 7 8 9 10 | 10.6
Short Blades   | 1 2 3 4 5 6 7 8 9 |  9.8
Long Blades    | 1 2 3 4 5 6 7 8 9 |  9.8
Maces & Flails | 1 2 3 4 5 6 7 8 9 |  9.8
Polearms       | 1 2 3 4 5 6 7 8 9 |  9.8
Staves         | 1 2 3 4 5 6 7 8 9 |  9.8
Slings         | 1 2 3 4 5 6 7 8 9 |  9.8
Bows           | 1 2 3 4 5 6 7 8 9 |  9.8
Crossbows      | 1 2 3 4 5 6 7 8 9 |  9.8
Throwing       | 1 2 3 4 5 6 7 8 9 |  9.8
Dodging        | 1 2 3 4 5 6 7 8 9 |  9.8
Stealth        | 1 2 3 4 5 6 7 8 9 |  9.8
Shields        | 1 2 3 4 5 6 7 8 9 |  9.8
Unarmed Combat | 1 2 3 4 5 6 7 8 9 |  9.8
Evocations     | 1 2 3 4 5 6 7 8 9 |  9.8
Spellcasting   | 3 4 5 6 7 8 9 10 | 10.2
Conjurations   | 1 2 3 4 5 6 7 8 |  8.1
Hexes          | 1 2 3 4 5 6 7 8 |  8.1
Summonings     | 1 2 3 4 5 6 7 8 |  8.1
Necromancy     | 1 2 3 4 5 6 7 8 |  8.1
Translocations | 1 2 3 4 5 6 7 8 |  8.1
Transmutations | 1 2 3 4 5 6 7 8 |  8.1
Fire Magic     | 1 2 3 4 5 6 7 8 |  8.1
Air Magic      | 1 2 3 4 5 6 7 8 |  8.1
Earth Magic    | 1 2 3 4 5 6 7 8 |  8.1
Poison Magic   | 1 2 3 4 5 6 7 8 |  8.1
Fighting       | 3 4 5 6 7 8 9 10 | 10.1
Armour         | 5 6 7 9 10 11 12 13 | 13.9
Axes           | 7 8 9 10 11 | 11.7
Ice Magic      | 6 7 8 9 |  9.9

Action                   |  1- 3 |  4- 6 |  7- 9 | 10-12 | 13-15 || total
-------------------------+-------+-------+-------+-------+-------++-------
Melee: Hand axe          |    39 |    67 |    32 |       |       ||   138
       Bite              |     1 |     4 |    11 |    89 |   208 ||   313
       Punch             |       |     2 |     2 |    41 |    92 ||   137
       Short sword       |       |       |   120 |   181 |    49 ||   350
       Quick blade       |       |       |       |   637 |  1042 ||  1679
       Glaive            |       |       |       |       |    70 ||    70
 Fire: Fustibalus        |    12 |    60 |    86 |   227 |   394 ||   779
       Longbow           |       |       |       |    10 |       ||    10
Throw: Stone             |     5 |       |       |       |       ||     5
 Cast: Freeze            |    18 |       |     2 |       |       ||    20
       Frozen Ramparts   |       |       |       |    20 |    34 ||    54
       Ozocubu's Armour  |       |       |       |    14 |    14 ||    28
       Ice Form          |       |       |       |       |     1 ||     1
Invok: Heroism           |       |     2 |     3 |     7 |     4 ||    16
       Finesse           |       |       |     2 |     3 |     5 ||    10
Evoke: Wand              |       |       |       |     4 |     2 ||     6
  Use: Potion            |       |     1 |       |     3 |     8 ||    12
       Scroll            |       |       |    12 |    20 |     6 ||    38
 Stab: Sleeping          |       |       |       |       |     1 ||     1
       Invisible         |       |       |       |       |     2 ||     2
       Petrified         |       |       |       |       |     2 ||     2
       Distracted        |       |       |       |       |     2 ||     2
Armor: Leather armour    |     8 |       |       |       |       ||     8
       Scale mail        |    19 |    43 |    87 |   233 |   465 ||   847
Dodge: Dodged            |    29 |    25 |    89 |   346 |   424 ||   913

Table legend: (Time is in decaauts)
 A = Elapsed time spent in this place.
 B = Non-inter-level travel time spent in this place.
 C = Inter-level travel time spent in this place.
 D = Time resting spent in this place.
 E = Time spent auto-exploring this place.
 F = Levels seen in this place.
 G = Mean time per level.
                   A        B        C        D        E       F      G
               +--------+--------+--------+--------+--------+-----+--------+
         Total |  26535 |  25910 |    625 |   5757 |  15433 |  19 | 1396.6 |
       Dungeon |  12002 |  11680 |    322 |   1012 |   8435 |  11 | 1091.1 |
          Lair |  13103 |  12800 |    303 |   4088 |   6749 |   6 | 2183.8 |
         Sewer |    119 |    119 |      0 |      0 |     59 |   1 |  119.0 |
      Gauntlet |   1310 |   1310 |      0 |    657 |    189 |   1 | 1310.0 |
               +--------+--------+--------+--------+--------+-----+--------+

Top non-repeatable levels by time:
  Lair:5: 3284 daAuts
  Lair:4: 2559 daAuts
  Lair:6: 2295 daAuts
  Lair:3: 2233 daAuts
     D:9: 1938 daAuts
  Lair:2: 1475 daAuts
     D:7: 1387 daAuts
Gauntlet: 1310 daAuts
     D:3: 1297 daAuts
  Lair:1: 1254 daAuts
     D:5: 1110 daAuts
     D:2: 1074 daAuts
    D:10: 1066 daAuts
     D:1: 1046 daAuts
     D:4: 1008 daAuts
